Map: Port Aleksander EC

Players

Sorandom - Winner!

  • Race: Zerg Zerg
  • League: Diamond
  • Spawn Location: 5:00

TMT

  • Race: Zerg Zerg
  • League: Diamond
  • Spawn Location: 11:00

VOD

Have the link to the VOD?

Description

Time

  • Played on: April 17, 2019, 11:04 a.m.
  • Length: 15:17
Show
View Real Time Build Order
Export as new Build Order

Sorandom Zerg - Winner!

Build Orders: Pool First 

Get SALT Encoding   

  12  0:03  Drone  
  13  0:13  Overlord  
  13  0:21  Drone  
  14  0:32  Drone  
  15  0:38  Drone x2  
  17  0:45  Extractor  
  17  0:49  Drone  
  17  0:53  Spawning Pool  
  17  0:57  Drone  
  17  1:21  Hatchery  
  16  1:27  Drone  
  17  1:39  Queen  
  19  1:42  Zergling x2  
  19  1:45  Zergling x2  
  21  1:52  Metabolic Boost  
  21  2:00  Overlord  
  21  2:11  Baneling Nest  
  21  2:12  Zergling x2  
  21  2:20  Zergling x2  
  21  2:22  Zergling x2  
  23  2:34  Zergling x4  
  25  2:41  Zergling x2  
  26  2:48  Zergling x6  
  26  2:51  Zergling x2  
  30  2:56  Zergling x2  
  31  2:59  Zergling x2  
  31  3:04  Baneling x3  
  32  3:07  Baneling  
  32  3:18  Zergling x4  
  34  3:23  Overlord  
Show
View Real Time Build Order
Export as new Build Order

TMT Zerg 

Build Orders: Hatch First 

Get SALT Encoding   

  12  0:01  Drone  
  13  0:12  Overlord  
  13  0:18  Drone  
  14  0:43  Hatchery  
  14  0:47  Drone  
  14  0:51  Drone  
  14  0:56  Drone  
  16  1:02  Extractor, Drone  
  16  1:09  Drone  
  17  1:23  Spawning Pool  
  16  1:26  Drone  
  16  1:30  Drone  
  18  1:41  Drone  
  19  1:54  Overlord  
  19  2:17  Queen x2  
  19  2:18  Metabolic Boost  
  19  2:20  Zergling x2  
  19  2:21  Drone  
  19  2:22  Drone  
  26  2:25  Drone  
  27  2:32  Zergling x2  
  27  2:33  Zergling x2  
  29  2:37  Zergling x2  
  29  2:40  Zergling x2  
  31  2:48  Evolution Chamber  
  30  3:01  Overlord, Drone  
  30  3:02  Drone x2  
  33  3:09  Queen  
Tags
 
Matchup
ZvZ
Race
Zerg
Replay Pack
Pack
Spawn Locations
Cross Positions
Add a new tag
Caveats
  • Supply blocks, unpowered buildings, or Contaminate may cause inaccurate times.
  • Supply counts are checked every 10 seconds.